 Dungeon Crawl Stone Soup version 0.30-a0-377-g5cb311bc9f (webtiles) character file.

Game seed: 18136272484324529030

125 LnG the Sneak (level 5, 0/28 HPs)
             Began as a Kobold Summoner on Nov 29, 2022.
             Slain by Grinder (5 damage)
             ... on level 3 of the Dungeon.
             The game lasted 00:05:32 (2224 turns).

LnG the Sneak (Kobold Summoner)                     Turns: 2224, Time: 00:05:33

Health: 0/28       AC:  2    Str:  6    XL:     5   Next: 30%
Magic:  15/18      EV: 19    Int: 18    God:
Gold:   93         SH:  0    Dex: 15    Spells: 0/9 levels left

rFire   . . .      SeeInvis .    r - +1 dagger (vamp)
rCold   . . .      Faith    .    (no shield)
rNeg    . . .      Spirit   .    a - +0 robe
rPois   .          Reflect  .    (no helmet)
rElec   .          Harm     .    (no cloak)
rCorr   .          Rampage  .    (no gloves)
Will    .....                    (no boots)
Stlth   ++++......               l - amulet of magic regeneration
HPRegen 0.24/turn                d - ring of magical power
MPRegen 0.56/turn                v - +4 ring of evasion

@: no status effects
A: small, no large weapons, nightstalker 3
a: no special abilities


You were on level 3 of the Dungeon.
You visited 1 branch of the dungeon, and saw 3 of its levels.

You collected 93 gold pieces.

Inventory:

Hand Weapons
 r - a +1 vampiric dagger (weapon)
Armour
 a - a +0 robe (worn)
Jewellery
 d - a ring of magical power (left hand)
 l - an amulet of magic regeneration (around neck)
 v - a +4 ring of evasion (right hand)
Scrolls
 c - a scroll of torment {unknown}
 f - a scroll of poison {unknown}
 g - 2 scrolls of magic mapping {unknown}
 i - a scroll of identify {unknown}
 j - 2 scrolls of fear {unknown}
 m - 2 scrolls of teleportation {unknown}
 o - a scroll of enchant weapon {unknown}
 p - a scroll of immolation {unknown}
 q - a scroll of enchant armour {unknown}
 t - a scroll of butterflies {unknown}
Potions
 b - 3 potions of magic
 e - 2 potions of invisibility {unknown}
 h - a potion of brilliance {unknown}
 k - 2 potions of flight {unknown}
 n - 2 potions of heal wounds {unknown}
 s - a potion of resistance {unknown}
 u - a potion of haste {unknown}


   Skills:
 + Level 0.3 Fighting
 + Level 1.4 Short Blades
 * Level 3.4 Dodging
 * Level 4.8 Stealth
 + Level 2.7 Spellcasting
 + Level 4.5 Summonings


You couldn't memorise any spells.
You knew the following spells:

 Your Spells              Type           Power      Damage    Failure   Level
a - Summon Small Mammal   Summ           72%        N/A       2%          1
b - Call Imp              Summ           18%        N/A       3%          2
c - Call Canine Familiar  Summ           18%        N/A       8%          3
d - Summon Guardian Gole  Hex/Summ       10%        N/A       21%         3

Your spell library contained the following spells:

 Spells                   Type           Power      Damage    Failure   Level
 Sandblast                Erth           4%         2d4       17%         1
 Passwall                 Tmut/Erth      1%         N/A       26%         2
 Stone Arrow              Conj/Erth      4%         3d7       45%         3
 Summon Lightning Spire   Summ/Air       10%        N/A       54%         4


Dungeon Overview and Level Annotations

Branches:
Dungeon (3/15)

Altars:
Zin

Shops:
D:2 *

Annotations:
D:3 Grinder


Innate Abilities, Weirdness & Mutations

You are small and have problems with some larger weapons.
You are completely attuned to the shadows.


Message History

The spell is quite dangerous to miscast (21% risk of failure)!
Continue anyway?
A guardian golem appears, shielding your allies.
You swap places.
Found a leather armour.
There is a stone staircase leading down here.
m - 2 scrolls labelled ZURIVI KUNNUCS (gained 1)
A ball python comes into view.
A ball python is nearby!
The helpless ball python fails to defend itself.
You impale the ball python!!
You kill the ball python!
No target in view!
Your guardian golem disappears in a puff of smoke!
You now have 93 gold pieces (gained 2).
Grinder comes into view.
You see here a scroll labelled ZURIVI KUNNUCS.
The helpless Grinder fails to defend herself.
You impale Grinder!!
Grinder is heavily wounded.
Grinder gestures at you.
You suddenly lose the ability to move!
Grinder barely misses you. Grinder gestures at you.
Pain shoots through your body! Grinder hits you.
You writhe in agony.
You can move again.
Casting: Summon Guardian Golem (quite dangerous; 21% risk of failure)
Confirm with . or Enter, or press ? or * to list all spells.
The spell is quite dangerous to miscast (8% risk of failure)!
Continue anyway?
Grinder completely misses you.
Casting: Call Canine Familiar (quite dangerous; 8% risk of failure)
Confirm with . or Enter, or press ? or * to list all spells.
A metallic apparition takes form in the air.
Your hound barely misses Grinder.
Grinder hits you!
Unknown command.
Unknown command.
Your hound bites Grinder.
Grinder hits you!
* * * LOW HITPOINT WARNING * * *
You writhe in agony.
You die...

#####.# #......
#.#...# ...
#...#.## #...## #
#......#####.#..#
#[
####.#....##.##.#
#. #.###...?5.#.#
.. #. #.#
##......@# ##.##
# #.# ###...h5#
##...## ## #.#
##.##...
.#..~..####. #.#
#.##..##
...~~~...##. #.#
#.###..
#..~..#..#. #.#
##...###... #.##
.##.####### #..#
.........### ##.#
..######....


You could see Grinder (ally target), a friendly hound (summoned) and a friendly
iron imp (summoned).

Vanquished Creatures
  An adder (D:3)
  3 gnolls (D:3)
  A worm (D:3)
  A dart slug (D:2)
  5 endoplasms
  2 goblins (D:2)
  3 hobgoblins
  A jackal (D:1)
  3 ball pythons
  A bat (D:2)
  A frilled lizard (D:3)
  A kobold (D:2)
  A rat (D:1)
24 creatures vanquished.

Vanquished Creatures (collateral kills)
  3 gnolls (D:3)
  A worm (D:2)
  2 dart slugs (D:1)
  3 endoplasms (D:1)
  3 goblins (D:1)
  2 hobgoblins (D:1)
  2 jackals (D:1)
  A ball python (D:1)
  2 frilled lizards (D:1)
  A kobold (D:2)
  4 rats (D:1)
24 creatures vanquished.

Grand Total: 48 creatures vanquished

Notes
Turn   | Place    | Note
-------+----------+-------------------------------------------
     0 | D:1      | LnG the Kobold Summoner began the quest for the Orb.
     0 | D:1      | Reached XP level 1. HP: 10/10 MP: 3/3
   290 | D:1      | Reached XP level 2. HP: 15/15 MP: 5/5
   293 | D:1      | Learned a level 2 spell: Call Imp
   627 | D:1      | Reached XP level 3. HP: 19/19 MP: 6/6
   963 | D:2      | Found a glowing silver altar of Zin.
  1281 | D:2      | Learned a level 3 spell: Call Canine Familiar
  1737 | D:2      | Found Detopp's General Store.
  1886 | D:3      | Reached XP level 4. HP: 24/24 MP: 7/7
  1932 | D:3      | Reached skill level 1 in Short Blades
  2086 | D:3      | Reached XP level 5. HP: 28/28 MP: 9/9
  2154 | D:3      | Learned a level 3 spell: Summon Guardian Golem
  2214 | D:3      | Noticed Grinder
  2218 | D:3      | Paralysed by Grinder for 3 turns
  2224 | D:3      | Slain by Grinder

Illustrated notes

Levels and vault maps discovered:
D:1:      evilmike_arrival_home_sweet_home, layout_basic
D:2:      layout_basic, basic_altar, serial_shops, nicolae_shop_statue_plus
D:3:      layout_rooms, amcnicky_mini_pool_small, uniq_grinder

Skill      XL: |  1  2  3  4 |
---------------+-------------+-----
Stealth        | 3 4 |  4.8
Dodging        | 3 |  3.4
Short Blades   | 1 |  1.4
Fighting       | |  0.3
Spellcasting   | |  2.7
Summonings     | |  4.5

Action                   |  1- 3 |  4- 6 || total
-------------------------+-------+-------++-------
Melee: Unarmed           |     9 |       ||     9
       Dagger            |    39 |    24 ||    63
 Cast: Summon Small Mamm |    21 |       ||    21
       Call Imp          |     5 |     2 ||     7
       Call Canine Famil |       |     2 ||     2
       Summon Guardian G |       |     1 ||     1
 Stab: Sleeping          |    13 |     8 ||    21
Armor: Robe              |     3 |       ||     3
Dodge: Dodged            |    31 |    13 ||    44

Table legend: (Time is in decaauts)
 A = Elapsed time spent in this place.
 B = Non-inter-level travel time spent in this place.
 C = Inter-level travel time spent in this place.
 D = Time resting spent in this place.
 E = Time spent auto-exploring this place.
 F = Levels seen in this place.
 G = Mean time per level.
                   A        B        C        D        E       F      G
               +--------+--------+--------+--------+--------+-----+--------+
         Total |   2220 |   2163 |     57 |      0 |   1782 |   3 |  740.0 |
       Dungeon |   2220 |   2163 |     57 |      0 |   1782 |   3 |  740.0 |
               +--------+--------+--------+--------+--------+-----+--------+

Top non-repeatable levels by time:
     D:1: 958 daAuts
     D:2: 897 daAuts
     D:3: 365 daAuts
